 Dungeon Crawl Stone Soup version 0.20.0-4-g10b340a (console) character file.

150434 Kloppie the Tortoise (level 16, -7/159 HPs)
             Began as a Minotaur Fighter on May 28, 2017.
             Was the Champion of Okawaru.
             Mangled by a deep elf blademaster
             ... wielding a +0 rapier
              (10 damage)
             ... on level 2 of the Elven Halls.
             The game lasted 00:50:07 (21517 turns).

Kloppie the Tortoise (Minotaur Fighter)            Turns: 21517, Time: 00:50:07

Health: -7/159     AC: 26    Str: 30    XL:     16   Next: 98%
Magic:  10/10      EV: 20    Int:  5    God:    Okawaru [******]
Gold:   2601       SH: 17    Dex: 15    Spells: 15/15 levels left

rFire    + + .     SeeInvis .   a - +2 war axe (antimagic)
rCold    + . .     Gourm    .   k - +1 shield {reflect}
rNeg     . . .     Faith    .   E - +0 plate armour
rPois    .         Spirit   .   (helmet unavailable)
rElec    .         Reflect  +   w - scarf {rC+ rF+}
rCorr    .         Harm     .   v - +2 pair of gloves of Vanity {rF+ MR+ Regen+}
MR       ++++.                  N - +1 pair of boots {Stlth+}
Stlth    ..........             g - amulet of regeneration
Regen    1.2/turn               I - ring "Cutzep" {EV+3 Str+3 Dex+4 Slay+3 Stlth+}
MPRegen  0.2/turn               O - ring "Iqifril" {MR+ MP+9}

@: about to teleport, heroism, heavily drained
A: retaliatory headbutt, horns 3, magic resistance 1
a: Heroism, Finesse, Renounce Religion


You were on level 2 of the Elven Halls.
You worshipped Okawaru.
Okawaru was exalted by your worship.
You were not hungry.

You visited 5 branches of the dungeon, and saw 26 of its levels.
You also visited: Ossuary, Ice Cave and Volcano.

You collected 2979 gold pieces.
You spent 378 gold pieces at shops.

Inventory:

Hand Weapons
 a - a +2 antimagic war axe (weapon)
 b - a +0 war axe of flaming
 n - a +2 war axe of electrocution
 X - a +3 war axe of venom
Armour
 k - a +1 shield of reflection (worn)
 v - the +2 pair of gloves of Vanity (worn) {rF+ MR+ Regen+}
   (You found it on level 6 of the Dungeon)

   It protects you from fire.
   It affects your resistance to hostile enchantments.
   It increases your rate of regeneration.
 w - a scarf of resistance (worn)
 E - a +0 plate armour (worn)
 N - a +1 pair of boots of stealth (worn)
 T - a +2 hat of magic resistance
Jewellery
 d - an uncursed ring of poison resistance
 g - an amulet of regeneration (around neck)
 z - an uncursed ring of see invisible
 I - the ring "Cutzep" (left hand) {EV+3 Str+3 Dex+4 Slay+3 Stlth+}
   (You found it on level 4 of the Lair of Beasts)

   [ring of evasion]

   It affects your evasion (+3).
   It affects your strength (+3).
   It affects your dexterity (+4).
   It affects your accuracy and damage with ranged weapons and melee attacks
   (+3).
   It makes you more stealthy.
 O - the ring "Iqifril" (right hand) {MR+ MP+9}
   (You found it on level 6 of the Lair of Beasts)

   [ring of protection from magic]

   It affects your resistance to hostile enchantments.
   It affects your magic capacity (+9).
 Z - an uncursed ring of positive energy {unknown}
Wands
 c - a wand of iceblast (6/15)
 C - a wand of iceblast (6/15)
 H - a wand of confusion (36/48)
 J - a wand of disintegration (12/24)
 P - a wand of random effects (10/48)
 V - a wand of iceblast (7/15)
Scrolls
 h - 7 scrolls of remove curse
 i - 5 scrolls of identify
 j - 2 scrolls of blinking
 l - 5 scrolls of magic mapping
 o - 11 scrolls of teleportation
 q - 5 scrolls of recharging
 s - 8 scrolls of enchant weapon
 y - 3 scrolls of enchant armour
 D - 2 scrolls of fog
 F - 2 scrolls of fear
 U - a scroll of brand weapon
Potions
 e - a potion of brilliance
 m - 4 potions of cancellation
 p - 5 potions of lignification
 u - 3 potions of flight
 x - 2 potions of invisibility
 A - 6 potions of haste
 B - a potion of resistance
 K - 3 potions of agility
 L - 4 potions of curing
Books
 t - the Compendium of Combat Magic
   (You found it on level 1 of the Elven Halls)

   Spells                             Type                      Level
   a - Magic Dart                     Conjuration                  1
   b - Shock                          Conjuration/Air              1
   c - Flame Tongue                   Conjuration/Fire             1
   d - Throw Flame                    Conjuration/Fire             2
   e - Irradiate                      Conjuration/Transmutation    5
   f - Fireball                       Conjuration/Fire             5
 S - a book of Ice

   Spells                             Type                      Level
   a - Ice Form                       Ice/Transmutation            4
   b - Metabolic Englaciation         Hexes/Ice                    5
   c - Ozocubu's Refrigeration        Ice                          6
   d - Bolt of Cold                   Conjuration/Ice              6
   e - Freezing Cloud                 Conjuration/Ice/Air          6
   f - Simulacrum                     Ice/Necromancy               6
 Y - a book of Unlife

   Spells                             Type                      Level
   a - Recall                         Summoning/Translocation      3
   b - Animate Dead                   Necromancy                   4
   c - Control Undead                 Necromancy                   4
   d - Cigotuvi's Embrace             Necromancy                   5
   e - Death Channel                  Necromancy                   6
   f - Simulacrum                     Ice/Necromancy               6
Comestibles
 f - 14 bread rations
 r - 8 royal jellies
 G - 8 chunks of flesh
 M - 9 meat rations
 R - 7 fruits


   Skills:
 + Level 18.7(21.3) Fighting
 - Level 16.1(18.8) Axes
 - Level 18.7(21.3) Armour
 - Level 11.2(14.1) Dodging
 - Level 15.5(18.2) Shields
 - Level 8.1(6.4) Invocations


You had 15 spell levels left.
You didn't know any spells.

Dungeon Overview and Level Annotations

Branches:
Dungeon (15/15)            Temple (1/1) D:7            Lair (6/6) D:10
 Shoals (0/4) Lair:4       Spider (0/4) Lair:3        Slime (0/5) Lair:5
    Orc (2/2) D:9             Elf (2/3) Orc:2        Vaults (0/5) D:13
 Depths (0/5) D:15

Altars:
Ashenzari
Cheibriados
Dithmenos
Elyvilon
Fedhas
Gozag
Hepliaklqana
Kikubaaqudgha
Makhleb
Nemelex Xobeh
Okawaru
Qazlal
Ru
Sif Muna
Trog
Uskayaw
Vehumet
Xom
Yredelemnul
Zin
The Shining One
Jiyva

Shops:
D:10 :   Orc:2 **!}:


Innate Abilities, Weirdness & Mutations

You reflexively headbutt those who attack you in melee.
You have a pair of large horns on your head.
You are resistant to hostile enchantments. (MR+)


Message History

* * * LOW HITPOINT WARNING * * *
You block the deep elf blademaster's attack.
The deep elf blademaster hits you with a rapier.
* * * LOW HITPOINT WARNING * * *
The long sword of slicing completely misses you.
The dire flail of draining misses you.
The deep elf blademaster hits you with a rapier.
* * * LOW HITPOINT WARNING * * *
The deep elf blademaster hits you but does no damage.
A deep elf knight comes into view. It is wielding a scimitar.
You closely miss the deep elf blademaster.
You headbutt the deep elf blademaster!!
The deep elf blademaster is moderately wounded.
Your plate armour prevents you from hitting the dire flail of draining.
You closely miss the long sword of slicing.
You block the long sword of slicing's attack.
You block the dire flail of draining's attack.
The deep elf blademaster misses you.
The deep elf blademaster hits you with a rapier!
You die...

*,,,,,*,,,,,,,,,,,,,
#..........,,,,,,,,,
#..........,,**,,,,,
#..........,****,,,,
#........,,,,**,,,,,
#.......,,,,,,,,,,,,
#...e.#,,,,,,,,,,,,,
#.(e(#**,,,,,,,,,,,,
#..@(# *,,,,,,,,,,,,
#...## **,,,,,,,,,,,
#..e#* **,,,,,,,,,,*
#....***,,,,,,,,,,,,
#....,*,,,,,,,,,,,,,
##....,,,,,,,,,,,,,,
#....,,**,,,**,,,**
###...****,****,***
***** *** ***


You could see a deep elf blademaster, 2 deep elf knights and 3 dancing weapons.

Vanquished Creatures
  An Ice Fiend (IceCv)
  Frances (D:14)
  Aizul (Elf:1)
  2 deep elf annihilators (Elf:1)
  Snorg (D:11)
  A deep elf death mage (Elf:2)
  A fire dragon (Lair:6)
  7 hydras
  4 vault guards (D:13)
  25 two-headed ogres
  5 centaur warriors
  5 ogre magi
  9 dancing weapons
  19 death yaks
  3 tengu warriors
  A fire crab (shapeshifter) (D:15)
  7 skeletal warriors
  5 deep elf knights
  An unseen horror (D:11)
  5 deep elf archers
  A swamp dragon (Lair:6)
  2 orc knights (Orc:2)
  2 wizards (D:15)
  2 anaconda skeletons (Volcano)
  An orc sorcerer (Orc:1)
  2 manticores
  13 slime creatures
  4 ugly things (D:15)
  6 cyclopes
  38 deep elf magi
  7 elephants
  Psyche (D:9)
  4 black mambas (Lair:6)
  Joseph (D:7)
  3 merfolk sirens (Lair:4)
  A naga mage (D:15)
  An ice statue (IceCv)
  9 spiny frogs
  8 gargoyles
  12 komodo dragons
  2 kobold demonologists (D:12)
  2 freezing wraiths (IceCv)
  2 rime drakes
  4 ice devils (IceCv)
  3 anaconda simulacra (IceCv)
  3 jumping spiders (Lair:3)
  A tengu conjurer (D:15)
  A harpy zombie (D:14)
  A merfolk (Lair:4)
  2 wolf spider simulacra (IceCv)
  A hornet (D:12)
  10 blink frogs
  A harpy skeleton (Volcano)
  8 hippogriffs
  3 air elementals
  3 flying skulls (Volcano)
  6 dream sheep
  An alligator skeleton (Volcano)
  A vampire (D:13)
  A shadow (D:13)
  4 water elementals (Elf:1)
  A wyvern (D:12)
  4 redbacks (Lair:3)
  A dire elephant simulacrum (IceCv)
  A spriggan (D:7)
  2 fire elementals (Elf:1)
  53 yaks
  8 basilisks
  A death yak simulacrum (IceCv)
  A hungry ghost (D:10)
  3 harpy simulacra (IceCv)
  6 iron troll simulacra (IceCv)
  14 water moccasins
  A warg (Orc:2)
  Menkaure (D:7)
  2 hydra simulacra (IceCv)
  2 hell hounds (Lair:5)
  Duvessa (D:4)
  4 porcupines
  5 acid dragons
  2 swamp drakes (Lair:6)
  4 sky beasts
  An eye of draining (D:8)
  A phantom (D:8)
  16 orc warriors
  2 ice beasts (D:5)
  32 ogres
  26 centaurs
  8 wolves
  6 big kobolds
  10 crocodiles
  14 bullfrogs
  2 elf zombies (Ossuary)
  An earth elemental (Elf:2)
  2 scorpions
  Dowan (D:4)
  5 killer bees (D:11)
  An elephant simulacrum (IceCv)
  3 wights (D:9)
  4 spriggan skeletons (Volcano)
  9 howler monkeys
  4 centaur zombies
  7 crimson imps
  A draconian simulacrum (IceCv)
  2 human zombies (Ossuary)
  A bullfrog zombie (D:9)
  3 jellies
  3 hounds
  A quasit (D:8)
  12 orc priests
  A bullfrog skeleton (D:10)
  4 centaur skeletons
  24 orc wizards
  13 iguanas
  13 worker ants
  2 spriggan simulacra (IceCv)
  A wolf simulacrum (IceCv)
  6 troll simulacra (IceCv)
  2 big kobold zombies (Ossuary)
  A hound zombie (Ossuary)
  3 naga skeletons (Volcano)
  A hound skeleton (D:9)
  3 mummies (Ossuary)
  9 gnolls
  3 ogre simulacra (IceCv)
  15 adders
  5 naga simulacra (IceCv)
  3 shadow imps
  5 white imps (IceCv)
  5 ufetubi (IceCv)
  An adder skeleton (D:9)
  7 adder zombies
  2 worms
  3 dart slugs
  A leopard gecko (D:5)
  76 orcs
  A ball python (D:3)
  7 giant cockroaches
  8 hobgoblins
  6 jackals
  2 quokkas
  8 bats
  6 frilled lizards
  A giant cockroach zombie (D:5)
  5 goblins
  6 goblin zombies (Ossuary)
  5 hobgoblin zombies (Ossuary)
  A jackal skeleton (D:7)
  5 jackal zombies
  31 kobolds
  4 kobold zombies (Ossuary)
  A leopard gecko skeleton (D:6)
  A leopard gecko zombie (D:5)
  A quokka skeleton (D:4)
  3 quokka zombies
  7 rats
  2 rat zombies (Ossuary)
  3 fungi (Lair:6)
  4 plants
904 creatures vanquished.

Vanquished Creatures (others)
  A deep elf archer (Elf:2)
  A sky beast (D:15)
  3 centaurs (D:15)
  3 ufetubi (IceCv)
  A bush (Lair:5)
  3 fungi
  6 plants
18 creatures vanquished.

Grand Total: 922 creatures vanquished

Notes
Turn   | Place    | Note
-------+----------+-------------------------------------------
     0 | D:1      | Kloppie the Minotaur Fighter began the quest for the Orb.
     0 | D:1      | Reached XP level 1. HP: 19/19 MP: 0/0
   195 | D:1      | Reached XP level 2. HP: 22/26 MP: 1/1
   599 | D:1      | Reached XP level 3. HP: 31/31 MP: 2/2
   894 | D:2      | Reached skill level 5 in Axes
  1209 | D:3      | Reached XP level 4. HP: 23/39 MP: 3/3
  1273 | D:3      | Found a stormy altar of Qazlal.
  1700 | D:3      | Reached XP level 5. HP: 45/45 MP: 4/4
  1901 | D:4      | Noticed Dowan
  1907 | D:4      | Noticed Duvessa
  1913 | D:4      | Killed Duvessa
  1913 | D:4      | Reached skill level 5 in Fighting
  1913 | D:4      | Reached XP level 6. HP: 49/56 MP: 5/5
  1920 | D:4      | Killed Dowan
  2185 | D:4      | Reached XP level 7. HP: 57/64 MP: 6/6
  2483 | D:5      | Entered Level 5 of the Dungeon
  2483 | D:5      | Found a sacrificial altar of Ru.
  2494 | D:5      | Gained mutation: Your body sometimes deteriorates upon taking damage. [potion of mutation]
  2494 | D:5      | Gained mutation: Your spells are a little harder to cast, but a little more powerful. [potion of mutation]
  2494 | D:5      | Gained mutation: You are agile. (Dex +2) [potion of mutation]
  2494 | D:5      | Gained mutation: You have an increased reservoir of magic. (+10% MP) [potion of mutation]
  2777 | D:5      | Noticed a hippogriff
  2795 | D:5      | Killed a hippogriff
  2802 | D:5      | Reached skill level 10 in Axes
  2802 | D:5      | Reached XP level 8. HP: 54/71 MP: 7/7
  3046 | D:6      | HP: 2/71 [orc warrior/trident (14)]
  3442 | D:6      | Found a sand-covered staircase.
  3453 | Ossuary  | Entered an ossuary
  3585 | Ossuary  | Reached skill level 5 in Armour
  3815 | D:6      | Got a pair of scorched gloves
  3816 | D:6      | Identified the +2 pair of gloves of Vanity {rF+ MR+ Regen+} (You found it on level 6 of the Dungeon)
  3970 | D:6      | Reached XP level 9. HP: 68/78 MP: 8/8
  4493 | D:7      | Found a staircase to the Ecumenical Temple.
  4510 | Temple   | Entered the Ecumenical Temple
  4824 | Temple   | Became a worshipper of Warmaster Okawaru
  4905 | D:7      | Reached skill level 5 in Shields
  4953 | D:7      | Noticed Joseph
  4967 | D:7      | Killed Joseph
  4967 | D:7      | Reached * piety under Okawaru
  5041 | D:7      | Noticed Menkaure
  5048 | D:7      | Killed Menkaure
  5519 | D:8      | Gained mutation: Your muscles are strong. (Str +2) [mutagenic meat]
  5520 | D:8      | Gained mutation: Your spells are harder to cast, but more powerful. [mutagenic meat]
  5522 | D:8      | Lost mutation: You are agile. (Dex +2) [mutagenic meat]
  5523 | D:8      | Gained mutation: You have supernaturally acute eyesight. (SInv) [mutagenic meat]
  5577 | D:8      | Reached ** piety under Okawaru
  5746 | D:8      | Found a sacrificial altar of Ru.
  5974 | D:8      | Got an ancient morningstar
  6018 | D:8      | Identified the +4 morningstar "Omutz" {drain, Int+4 Dex+2} (You found it on level 8 of the Dungeon)
  6054 | D:9      | Noticed Psyche
  6065 | D:9      | Killed Psyche
  6065 | D:9      | Reached XP level 10. HP: 82/89 MP: 10/10
  6158 | D:9      | Reached *** piety under Okawaru
  6166 | D:9      | Reached skill level 10 in Fighting
  6500 | D:9      | Found a staircase to the Orcish Mines.
  6645 | D:10     | Entered Level 10 of the Dungeon
  6700 | D:10     | Found a staircase to the Lair.
  6704 | D:10     | Found Raefan's Book Emporium.
  6733 | D:10     | Reached **** piety under Okawaru
  6834 | D:10     | Noticed a two-headed ogre
  6852 | D:10     | Killed a two-headed ogre
  7284 | D:10     | Reached ***** piety under Okawaru
  7284 | D:10     | Reached XP level 11. HP: 65/101 MP: 11/11
  7698 | Lair:1   | Entered Level 1 of the Lair of Beasts
  8011 | Lair:1   | HP: 5/101 [poisoned by a spiny frog]
  8016 | Lair:1   | HP: 4/101 [poisoned by a spiny frog]
  8021 | Lair:1   | HP: 4/101 [poisoned by a spiny frog]
  8727 | Lair:2   | Noticed a four-headed hydra
  8740 | Lair:2   | Killed a four-headed hydra
  8740 | Lair:2   | Received a gift from Okawaru
  8740 | Lair:2   | Reached skill level 15 in Axes
  9800 | Lair:3   | Reached XP level 12. HP: 115/115 MP: 12/12
  9987 | Lair:3   | Noticed a death yak
  9987 | Lair:3   | Noticed a death yak
  9988 | Lair:3   | Noticed a death yak
 10002 | Lair:3   | Killed a death yak
 10020 | Lair:3   | Killed a death yak
 10020 | Lair:3   | Received a gift from Okawaru
 10020 | Lair:3   | Reached skill level 15 in Fighting
 10029 | Lair:3   | Killed a death yak
 10342 | Lair:3   | Reached ****** piety under Okawaru
 10350 | Lair:3   | Found a hole to the Spider Nest.
 10878 | Lair:4   | Received a gift from Okawaru
 10906 | Lair:4   | Found a staircase to the Shoals.
 11129 | Lair:4   | Noticed a death yak
 11130 | Lair:4   | Noticed a death yak
 11131 | Lair:4   | Noticed a death yak
 11134 | Lair:4   | Noticed a five-headed hydra
 11147 | Lair:4   | Killed a death yak
 11147 | Lair:4   | Reached skill level 10 in Shields
 11148 | Lair:4   | Noticed a death yak
 11157 | Lair:4   | Killed a death yak
 11158 | Lair:4   | Noticed a death yak
 11176 | Lair:4   | Killed a death yak
 11183 | Lair:4   | Killed a death yak
 11187 | Lair:4   | Killed a death yak
 11194 | Lair:4   | Killed a five-headed hydra
 11194 | Lair:4   | Reached XP level 13. HP: 76/134 MP: 13/13
 11197 | Lair:4   | Received a gift from Okawaru
 11198 | Lair:4   | Got a steaming hat {god gift}
 11237 | Lair:4   | Identified the +1 hat of Uxzi {*Slow Int+10} (Okawaru gifted it to you on level 4 of the Lair of Beasts)
 11592 | Lair:4   | Got a transparent wooden ring
 11594 | Lair:4   | Identified the ring "Cutzep" {EV+3 Str+3 Dex+4 Slay+3 Stlth+} (You found it on level 4 of the Lair of Beasts)
 11798 | Lair:5   | Found a dark tunnel.
 11810 | Volcano  | Entered a volcano
 12789 | Lair:5   | Found a staircase to the Slime Pits.
 12790 | Lair:5   | Found a viscous altar of Jiyva.
 12976 | Lair:6   | Entered Level 6 of the Lair of Beasts
 13051 | Lair:6   | Received a gift from Okawaru
 13124 | Lair:6   | Reached skill level 10 in Armour
 13361 | Lair:6   | Reached skill level 1 in Invocations
 13378 | Lair:6   | Got a glittering steel ring
 13481 | Lair:6   | Reached XP level 14. HP: 126/143 MP: 14/16
 13558 | Lair:6   | Lost mutation: You have supernaturally acute eyesight. (SInv) [potion of mutation]
 13558 | Lair:6   | Lost mutation: Your body sometimes deteriorates upon taking damage. [potion of mutation]
 13558 | Lair:6   | Lost mutation: You have an increased reservoir of magic. (+10% MP) [potion of mutation]
 13558 | Lair:6   | Lost mutation: Your spells are harder to cast, but more powerful. [potion of mutation]
 13558 | Lair:6   | Lost mutation: Your muscles are strong. (Str +2) [potion of mutation]
 13558 | Lair:6   | Gained mutation: You can translocate small distances at will. [potion of mutation]
 13558 | Lair:6   | Gained mutation: Your spells are harder to cast, but more powerful. [potion of mutation]
 13558 | Lair:6   | Gained mutation: Potions are less effective at restoring your health. [potion of mutation]
 13558 | Lair:6   | Gained mutation: You have sharp toenails. [potion of mutation]
 13729 | Lair:6   | Received a gift from Okawaru
 13730 | Lair:6   | Got a slimy hat {god gift}
 13761 | Lair:6   | Reached skill level 15 in Shields
 13937 | Lair:6   | Got a sparkling granite ring
 14124 | Lair:6   | Identified the +1 hat of Okawaru's Benevolence {Regen+ Str+3 Int-4 Slay+2} (Okawaru gifted it to you on level 6 of the Lair of Beasts)
 14124 | Lair:6   | Lost intelligence.
 14154 | Lair:6   | Identified the ring "Iqifril" {MR+ MP+9} (You found it on level 6 of the Lair of Beasts)
 14155 | Lair:6   | Identified the ring "Masmibb" {Wiz rF+} (You found it on level 6 of the Lair of Beasts)
 14343 | Orc:1    | Entered Level 1 of the Orcish Mines
 14351 | Orc:1    | Reached skill level 1 in Dodging
 14582 | Orc:2    | Entered Level 2 of the Orcish Mines
 14620 | Orc:2    | Found Kupaoky's Book Boutique.
 14644 | Orc:2    | Found a staircase to the Elven Halls.
 15121 | Orc:2    | Reached skill level 5 in Dodging
 15379 | Orc:2    | Received a gift from Okawaru
 15412 | Orc:2    | Received a gift from Okawaru
 15437 | Orc:2    | Found Dugyex's Gadget Shoppe.
 15437 | Orc:2    | Found Tiwofe's General Store.
 15438 | Orc:2    | Found Rato's Distillery.
 15438 | Orc:2    | Found Romn's General Store.
 15531 | Orc:2    | Bought a scroll of identify for 24 gold pieces
 15531 | Orc:2    | Bought a scroll of recharging for 114 gold pieces
 15531 | Orc:2    | Bought 2 potions of haste for 240 gold pieces
 16186 | D:11     | Noticed Snorg
 16193 | D:11     | Killed Snorg
 16300 | D:11     | Reached XP level 15. HP: 149/149 MP: 17/17
 16938 | D:12     | Reached skill level 5 in Invocations
 17004 | D:12     | Received a gift from Okawaru
 17331 | D:13     | Found a white marble altar of Elyvilon.
 17522 | D:13     | Found a gate to the Vaults.
 17874 | D:14     | Noticed Frances
 17882 | D:14     | Killed Frances
 18243 | D:14     | Received a gift from Okawaru
 18468 | D:15     | Entered Level 15 of the Dungeon
 18493 | D:15     | Reached skill level 15 in Armour
 18676 | D:15     | Lost mutation: You can translocate small distances at will. [potion of mutation]
 18676 | D:15     | Lost mutation: Potions are less effective at restoring your health. [potion of mutation]
 18676 | D:15     | Lost mutation: You have sharp toenails. [potion of mutation]
 18676 | D:15     | Lost mutation: Your spells are harder to cast, but more powerful. [potion of mutation]
 18676 | D:15     | Lost mutation: Your spells are a little harder to cast, but a little more powerful. [potion of mutation]
 18676 | D:15     | Gained mutation: Your body sometimes deteriorates upon taking damage. [potion of mutation]
 18676 | D:15     | Gained mutation: You can translocate small distances at will. [potion of mutation]
 18676 | D:15     | Gained mutation: You are agile. (Dex +2) [potion of mutation]
 18764 | D:15     | Received a gift from Okawaru
 18841 | D:15     | Gained mutation: You have a pair of large horns on your head. [mutagenic meat]
 18844 | D:15     | Gained mutation: You are frail. (-10% HP) [mutagenic meat]
 18849 | D:15     | Gained mutation: You are dopey. (Int -2) [mutagenic meat]
 18850 | D:15     | Lost mutation: You are dopey. (Int -2) [mutagenic meat]
 18851 | D:15     | Lost mutation: Your body sometimes deteriorates upon taking damage. [mutagenic meat]
 19148 | D:15     | Reached XP level 16. HP: 141/141 MP: 10/21
 19345 | D:15     | Found a staircase to the Depths.
 19571 | Elf:1    | Entered Level 1 of the Elven Halls
 19589 | Elf:1    | Noticed Aizul
 19602 | Elf:1    | Killed Aizul
 19809 | Elf:1    | Received a gift from Okawaru
 19973 | Elf:1    | Identified the Compendium of Combat Magic
 20100 | Elf:1    | Received a gift from Okawaru
 20411 | Elf:2    | Found a frozen archway.
 20422 | Elf:2    | Reached skill level 10 in Dodging
 20438 | IceCv    | Entered an ice cave
 21071 | IceCv    | Noticed an Ice Fiend
 21100 | IceCv    | Killed an Ice Fiend
 21371 | Elf:2    | Lost mutation: You can translocate small distances at will. [potion of mutation]
 21371 | Elf:2    | Lost mutation: You have a pair of large horns on your head. [potion of mutation]
 21371 | Elf:2    | Lost mutation: You are frail. (-10% HP) [potion of mutation]
 21371 | Elf:2    | Lost mutation: You are agile. (Dex +2) [potion of mutation]
 21371 | Elf:2    | Gained mutation: You have a pair of large horns on your head. [potion of mutation]
 21371 | Elf:2    | Gained mutation: You are resistant to hostile enchantments. (MR+) [potion of mutation]
 21514 | Elf:2    | Noticed a deep elf blademaster
 21516 | Elf:2    | HP: 3/159 [deep elf blademaster/rapier (5)]
 21517 | Elf:2    | Mangled by a deep elf blademaster

Skill      XL: |  1  2  3  4  5  6  7  8  9 10 11 12 13 14 15 16 |
---------------+-------------------------------------------------+-----
Axes           | 3 4 5 6 7 10 11 13 16 | 16.1
Fighting       | 5 6 8 10 13 18 | 18.7
Armour         | 8 11 12 15 18 | 18.7
Shields        | 9 11 14 15 | 15.5
Invocations    | 3 4 8 |  8.1
Dodging        | 9 11 | 11.2

Action                   |  1- 3 |  4- 6 |  7- 9 | 10-12 | 13-15 | 16-18 || total
-------------------------+-------+-------+-------+-------+-------+-------++-------
Melee: War axe           |    88 |    99 |   402 |   587 |   975 |   443 ||  2594
       Headbutt          |    13 |    16 |   103 |   173 |   346 |   144 ||   795
       Morningstar       |       |       |       |     9 |    31 |       ||    40
Invok: Heroism           |       |       |       |       |     1 |     3 ||     4
Evoke: Wand              |       |       |       |     1 |       |       ||     1
  Use: Potion            |     1 |     1 |    14 |     7 |     7 |     6 ||    36
       Scroll            |       |       |    15 |     3 |     8 |     5 ||    31
  Eat: Chunk             |     1 |     3 |    18 |    17 |    32 |     6 ||    77
       Royal jelly       |       |       |       |     1 |     1 |     1 ||     3
Armor: Scale mail        |    36 |    17 |       |       |       |       ||    53
       Chain mail        |       |    27 |    85 |       |       |       ||   112
       Plate armour      |       |       |    80 |   218 |   222 |   121 ||   641
       Skin              |       |       |     4 |    12 |     1 |       ||    17
Dodge: Dodged            |    32 |    29 |    67 |   100 |   264 |   150 ||   642
Block: Shield            |    41 |    42 |   172 |   306 |   568 |   269 ||  1398
       Reflection        |       |       |       |       |     8 |    44 ||    52
